 Dungeon Crawl Stone Soup version 0.17-a0-1731-g129c023 (webtiles) character file.

228 JohnG the Shield-Bearer (level 5, -2/47 HPs)
             Began as a Minotaur Fighter on Aug 29, 2015.
             Slain by an ogre
             ... wielding a +0 giant club
              (4 damage)
             ... on level 4 of the Dungeon.
             The game lasted 00:12:47 (2782 turns).

JohnG the Shield-Bearer (Minotaur Fighter)          Turns: 2782, Time: 00:12:47

Health: -2/47      AC: 13    Str: 23    XL:     5   Next: 71%
Magic:  4/4        EV:  4    Int:  5    God:
Gold:   168        SH: 10    Dex: 10    Spells: 0 memorised, 4 levels left

rFire  . . .     SeeInvis .     a - +0 flail
rCold  . . .     Clarity  .     p - +0 plate armour
rNeg   . . .     SustAt   .     c - +0 shield
rPois  .         Gourm    .     (helmet restricted)
rElec  .         Spirit   .     g - +0 cloak
rCorr  .         Warding  .     (no gloves)
rMut   .         Stasis   .     (no boots)
MR     .....                    (no amulet)
Stlth  ..........               (no ring)
                                G - +2 ring of strength

@: not resistant to hostile enchantments, extremely unstealthy
A: retaliatory headbutt, horns 2
a: no special abilities


You were on level 4 of the Dungeon.
You were not hungry.

You visited 1 branch of the dungeon, and saw 4 of its levels.

You collected 168 gold pieces.

Inventory:

Hand weapons
 a - a +0 flail (weapon)
 j - a +0 dagger
 k - a +0 short sword
 H - a +2 dagger of electrocution
Missiles
 f - 170 stones (quivered)
 v - 44 poisoned needles
 y - 11 tomahawks
 I - 2 curare-tipped needles
 O - 22 bolts of flame
Armour
 c - a +0 shield (worn)
 g - a +0 cloak (worn)
 p - a +0 plate armour (worn)
Jewellery
 G - a +2 ring of strength (left hand)
 M - an uncursed amulet of warding {unknown}
Scrolls
 b - 3 scrolls of amnesia
 i - a scroll of enchant armour
 l - 2 scrolls of remove curse {unknown}
 m - a scroll of noise {unknown}
 r - a scroll of blinking {unknown}
 z - 2 scrolls of random uselessness {unknown}
 B - 3 scrolls of teleportation {unknown}
 C - 3 scrolls of identify
 D - 2 scrolls of recharging {unknown}
 J - 2 scrolls of immolation {unknown}
 N - a scroll of fog {unknown}
Potions
 d - a potion of might
 h - a potion of poison {unknown}
 o - a potion of lignification
 q - a potion of ambrosia {unknown}
 t - a potion of invisibility
 x - a potion of brilliance {unknown}
 A - a potion of curing {unknown}
 E - a potion of berserk rage {unknown}
 K - 2 potions of flight {unknown}
 L - 2 potions of cure mutation {unknown}
Comestibles
 e - 5 bread rations
 n - a meat ration
 s - a royal jelly
 u - 2 slices of pizza
 w - a beef jerky


   Skills:
 + Level 4.6 Fighting
 + Level 4.2 Maces & Flails
 + Level 5.0 Armour
 + Level 0.2 Dodging
 + Level 0.1 Stealth
 + Level 5.1 Shields


You had 4 spell levels left.
You didn't know any spells.

Dungeon Overview and Level Annotations

Branches:
Dungeon (4/15)
 Temple: D:4-7

Altars:


Innate Abilities, Weirdness & Mutations

You reflexively headbutt those who attack you in melee.
You have a pair of horns on your head.


Message History

You block the ogre's attack.
You hit the ogre but do no damage.
The ogre is lightly wounded.
The ogre hits you with a giant club!
You sock the ogre! Your headbutt misses the ogre.
The ogre is moderately wounded.
You block the ogre's attack.
You hit the ogre.
The ogre is heavily wounded.
You block the ogre's attack.
Your shield and plate armour prevent you from hitting the ogre.
You headbutt the ogre.
The ogre is heavily wounded.
The ogre hits you with a giant club!
* * * LOW HITPOINT WARNING * * *
You are too injured to fight recklessly!
You hit the ogre.
The ogre is heavily wounded.
The ogre hits you with a giant club.
You die...

#........##.....#.# #...####
#........##>##.)#.#####.......
#........##.##.#..............
#.............................
#.......####.#.#..............
####.......#
#.#.########...####
#..........# #.#.# #.......
#.####.###.####.#.## #...####
#.####.# #.##...@O.# #...#
..)..#.# #.##.#.##..+ #...#
#.##.#.# #.##.#.# ### #...#
#......# #......# #...#
####.### ####.### ########.##
#.########.# .##......#####
#<.........### ...............
#####........##.###...####.##.
#...#.##....#........#.##.


You could see an ogre.

Vanquished Creatures
  A scorpion (D:4)
  7 adders
  3 gnolls (D:2)
  An ooze (D:2)
  5 worms (D:2)
  An adder skeleton (D:4)
  2 orcs
  A ball python (D:2)
  8 giant cockroaches
  12 goblins
  7 hobgoblins
  A quokka (D:3)
  4 bats (D:1)
  4 giant geckos
  5 giant newts
  7 kobolds
  4 rats
73 creatures vanquished.

Notes
Turn   | Place    | Note
--------------------------------------------------------------
     0 | D:1      | JohnG the Minotaur Fighter began the quest for the Orb.
     0 | D:1      | Reached XP level 1. HP: 19/19 MP: 0/0
   168 | D:1      | Reached XP level 2. HP: 27/27 MP: 1/1
   337 | D:1      | Reached skill level 4 in Fighting
   719 | D:2      | Reached XP level 3. HP: 33/33 MP: 2/2
  1216 | D:2      | Reached XP level 4. HP: 31/41 MP: 3/3
  1586 | D:2      | Reached XP level 5. HP: 41/47 MP: 4/4
  1898 | D:2      | Reached skill level 5 in Shields
  2526 | D:4      | Reached skill level 5 in Armour
  2773 | D:4      | Noticed an ogre
  2781 | D:4      | HP: 2/47 [ogre/giant club (16)]
  2782 | D:4      | Slain by an ogre

Vault maps used:
D:1:      denvon_arrival_hothouse
D:2:      kennysheep_six_static_rooms
D:3:      first_bread, serial_bayou_pond_b, solitary_fountain
D:4:      gammafunk_temple_overflow_elements,
          hangedman_abyss_or_decor_lesser_grid, st_stairs_7, bh_walls_and_bars

Action                   |  1- 3 |  4- 6 || total
-------------------------+-------+-------++-------
Melee: Flail             |    88 |   127 ||   215
  Use: Scroll            |       |     4 ||     4
 Stab: Distracted        |       |     1 ||     1
  Eat: Chunk             |     1 |     5 ||     6
